Map: Frost LE

Players

ForTheKing - Winner!

  • Race: Protoss Protoss
  • League: Gold

Nickos

  • Race: Terran Terran
  • League: Gold

VOD

Have the link to the VOD?

Description

Time

  • Played on: Sept. 3, 2016, 3:51 a.m.
  • Length: 8:07
Show
View Real Time Build Order
Export as new Build Order

ForTheKing Protoss - Winner!

Build Orders:  

Get SALT Encoding   

  12  0:01  Probe (Chrono Boost)  
  13  0:11  Probe (Chrono Boost)  
  14  0:19  Pylon  
  14  0:24  Probe (Chrono Boost)  
  15  0:37  Probe (Chrono Boost)  
  15  0:41  Gateway  
  16  0:48  Probe (Chrono Boost)  
  16  0:49  Assimilator  
  17  0:58  Probe (Chrono Boost)  
  18  1:09  Probe (Chrono Boost)  
  19  1:19  Probe (Chrono Boost)  
  20  1:29  Cybernetics Core  
  20  1:32  Probe (Chrono Boost)  
  21  1:47  Nexus  
  21  1:54  Pylon  
  21  1:55  Probe (Chrono Boost)  
  21  1:59  Assimilator  
  22  2:10  Warp Gate  
  22  2:12  Mothership Core (Chrono Boost)  
  24  2:25  Adept  
  26  2:35  Probe (Chrono Boost)  
  28  2:59  Probe (Chrono Boost)  
  28  3:04  Gateway  
  28  3:06  Gateway  
  28  3:12  Twilight Council  
  27  3:14  Pylon  
  27  3:17  Adept  
  27  3:19  Probe (Chrono Boost)  
  30  3:25  Probe (Chrono Boost)  
  31  3:31  Probe (Chrono Boost)  
  32  3:43  Probe (Chrono Boost)  
  33  3:53  Charge  
  31  3:57  Probe (Chrono Boost)  
  31  4:02  Probe (Chrono Boost)  
  33  4:18  Probe (Chrono Boost)  
  33  4:19  Probe (Chrono Boost)  
  35  4:25  Gateway  
  35  4:26  Gateway, Robotics Facility  
  36  4:31  Pylon  
  36  4:32  Probe (Chrono Boost)  
  36  4:37  Probe (Chrono Boost)  
  37  4:39  Assimilator  
  37  4:44  Probe (Chrono Boost)  
  38  4:50  Pylon  
  38  4:56  Zealot x3  
  38  4:59  Probe (Chrono Boost)  
  43  5:10  Probe (Chrono Boost)  
  44  5:17  Observer, Pylon  
  44  5:18  Zealot  
  47  5:25  Zealot x3  
  53  5:33  Immortal  
  53  5:41  Zealot x2  
  61  6:02  Pylon  
  61  6:07  Immortal  
  61  6:09  Probe (Chrono Boost)  
  62  6:14  Zealot x5  
  62  6:18  Pylon  
  76  6:23  Robotics Bay  
  77  6:34  Probe (Chrono Boost)  
  77  6:39  Pylon  
  77  6:40  Pylon  
  77  6:45  Zealot x4  
  77  6:46  Zealot  
  89  6:59  Probe (Chrono Boost)  
  88  7:02  Assimilator  
  88  7:04  Assimilator  
  88  7:05  Disruptor  
  88  7:10  Robotics Facility  
  91  7:20  Sentry x2  
  91  7:21  Sentry, Zealot x2  
  76  7:47  Zealot x3  
  76  7:48  Zealot x2  
Show
View Real Time Build Order
Export as new Build Order

Nickos Terran 

Build Orders:  

Get SALT Encoding   

  12  0:00  SCV  
  13  0:13  SCV  
  14  0:18  Supply Depot  
  14  0:25  SCV  
  15  0:39  SCV  
  15  0:41  Barracks  
  16  0:51  SCV  
  17  1:04  SCV  
  18  1:16  SCV  
  19  1:25  Command Center  
  19  1:27  Marine  
  20  1:35  Orbital Command  
  20  1:43  Supply Depot  
  20  1:53  Marine  
  21  1:58  Barracks  
  21  2:00  SCV  
  22  2:12  SCV  
  23  2:16  Barracks  
  23  2:19  Refinery  
  23  2:20  Refinery  
  23  2:24  SCV  
  24  2:32  Marine  
  24  2:36  SCV  
  26  2:37  Orbital Command  
  26  2:48  SCV  
  26  2:57  Marine x2  
  28  3:00  SCV  
  28  3:02  SCV  
  30  3:13  SCV  
  30  3:14  SCV  
  30  3:15  Barracks Tech Lab  
  30  3:16  Barracks Reactor  
  30  3:18  Barracks Reactor  
  32  3:24  Barracks  
  32  3:25  SCV  
  32  3:27  SCV  
  34  3:35  Concussive Shells  
  34  3:37  SCV  
  34  3:39  SCV  
  33  3:48  Marine  
  33  3:57  Marine x2  
  33  3:58  Marine x2  
  33  4:01  SCV x2  
  33  4:02  Supply Depot  
  38  4:06  Marine  
  38  4:15  Marine x2  
  38  4:17  Marine x2  
  39  4:18  Barracks Reactor  
  39  4:22  Factory  
  39  4:23  Stimpack  
  41  4:30  SCV x2  
  43  4:31  Marauder  
  43  4:36  Barracks  
  43  4:37  Barracks, Marine x2  
  47  4:44  Supply Depot  
  47  4:48  SCV  
  47  4:49  SCV  
  49  4:56  Marine  
  50  5:00  SCV  
  50  5:03  SCV  
  52  5:10  Marine  
  52  5:11  Marine x3  
  52  5:13  Factory Reactor  
  56  5:18  Starport  
  56  5:19  SCV  
  56  5:20  SCV  
  58  5:22  Marine  
  58  5:24  Marine  
  60  5:29  Marauder  
  60  5:33  Barracks Tech Lab  
  62  5:41  Engineering Bay  
  62  5:49  Marine x3  
  62  5:50  Marine x2  
  62  5:51  Marine, SCV x2  
  62  5:52  Marine  
  55  5:58  Marine x2  
  55  6:03  SCV x2  
  58  6:05  Command Center  
  58  6:10  Marine x4  
  62  6:27  Supply Depot  
  62  6:39  Supply Depot  
  62  6:43  Supply Depot  
  62  6:49  SCV x2, Marauder x2, Marine x2  
  62  6:51  Barracks Tech Lab  
  70  7:00  Medivac x2, Marine x4  
  70  7:01  Supply Depot  
  78  7:05  SCV x2  
  78  7:06  Supply Depot  
  78  7:07  Marine x2  
  82  7:11  Marauder x2  
  86  7:17  Marauder, SCV x2  
  86  7:19  Marine  
  86  7:20  Marine  
  80  7:32  Marauder x2  
  80  7:35  Marine x4  
  69  7:37  Marine  
  69  7:38  Marauder  
  69  7:41  Marine  
Tags
 
League
GoldGold
Matchup
PvT
Replay Pack
Nickos replay
Add a new tag
Caveats
  • Supply blocks, unpowered buildings, or Contaminate may cause inaccurate times.
  • Supply counts are checked every 10 seconds.